 Dungeon Crawl Stone Soup version 0.21.1-1-g345015fe64 (webtiles) character file.

14755 Loge the Cleaver (level 11, -4/102 HPs)
             Began as a Minotaur Fighter on July 15, 2018.
             Was an Elder of Makhleb.
             Slain by a 15-headed hydra (6 damage)
             ... on level 11 of the Dungeon.
             The game lasted 00:25:09 (9423 turns).

Loge the Cleaver (Minotaur Fighter)                 Turns: 9423, Time: 00:25:09

Health: -4/102     AC: 19    Str: 22    XL:     11   Next: 92%
Magic:  10/10      EV:  6    Int: 13    God:    Makhleb [****..]
Gold:   664        SH: 13    Dex: 14    Spells: 10/10 levels left

rFire    . . .     SeeInvis .   G - +6 war axe (venom)
rCold    + . .     Gourm    .   N - +1 shield of the Morning Star {*Drain rC+ Int+8 Dex+2}
rNeg     . . .     Faith    .   q - +0 plate armour
rPois    .         Spirit   .   (helmet restricted)
rElec    .         Reflect  .   (no cloak)
rCorr    .         Harm     .   (no gloves)
MR       .....                  F - +1 pair of boots
Stlth    ..........             (no amulet)
HPRegen  0.27/turn              x - +2 ring of protection
MPRegen  0.12/turn              Q - ring of wizardry

@: no status effects
A: retaliatory headbutt, horns 2
a: Minor Destruction, Lesser Servant of Makhleb, Major Destruction, Renounce
Religion


You were on level 11 of the Dungeon.
You worshipped Makhleb.
Makhleb was greatly pleased with you.
You were not hungry.

You visited 2 branches of the dungeon, and saw 12 of its levels.

You collected 664 gold pieces.

Inventory:

Hand Weapons
 w - a +0 hand axe of freezing
 z - a +0 blowgun
 E - the +9 hand axe "Luuny" {chop, *Slow rN+ Int+2}
   (You found it on level 4 of the Dungeon)

   It inflicts extra damage upon your enemies.
   It affects your intelligence (+2).
   It protects you from negative energy.
   It may slow you when you take damage.
 G - a +6 war axe of venom (weapon)
 S - a +0 war axe of flaming
Missiles
 b - 64 sling bullets
 e - 474 stones (quivered)
 m - 2 throwing nets
 A - 14 poisoned needles
Armour
 q - a +0 plate armour (worn)
 F - a +1 pair of boots (worn)
 N - the +1 shield of the Morning Star (worn) {*Drain rC+ Int+8 Dex+2}
   (You found it on level 7 of the Dungeon)

   It affects your intelligence (+8).
   It affects your dexterity (+2).
   It protects you from cold.
   It causes draining when unequipped.
Jewellery
 x - a +2 ring of protection (left hand)
 M - an uncursed ring of ice
 Q - a ring of wizardry (right hand)
Wands
 c - a wand of disintegration (7)
 r - a wand of polymorph (14)
 C - a wand of digging (6)
 I - a wand of iceblast (4)
 P - a wand of acid (6)
Scrolls
 i - 4 scrolls of teleportation
 k - 2 scrolls of enchant armour
 l - 2 scrolls of blinking {unknown}
 n - a scroll of immolation
 o - 2 scrolls of random uselessness {unknown}
 p - 2 scrolls of remove curse
 t - 5 scrolls of enchant weapon
 v - 2 scrolls of magic mapping
 y - 3 scrolls of fog {unknown}
 L - a scroll of amnesia
 O - 3 scrolls of identify
 R - a scroll of holy word {unknown}
 U - a scroll of brand weapon {unknown}
Potions
 a - a potion of degeneration {unknown}
 d - 5 potions of might
 g - 2 potions of lignification {unknown}
 h - a potion of resistance {unknown}
 j - 6 potions of curing
 s - a potion of brilliance
 u - a potion of magic
 B - 3 potions of heal wounds
 D - a potion of ambrosia
 H - 5 potions of agility {unknown}
 J - 2 potions of flight {unknown}
Books
 K - a book of Flames

   Spells                             Type                      Level
   a - Flame Tongue                   Conjuration/Fire             1
   b - Throw Flame                    Conjuration/Fire             2
   c - Conjure Flame                  Conjuration/Fire             3
   d - Inner Flame                    Hexes/Fire                   3
   e - Sticky Flame                   Conjuration/Fire             4
   f - Fireball                       Conjuration/Fire             5
Comestibles
 f - 23 rations
 T - 24 chunks of flesh


   Skills:
 + Level 11.0 Fighting
 * Level 14.3 Axes
 + Level 10.9 Armour
 + Level 10.9 Shields


You had 10 spell levels left.
You didn't know any spells.

Dungeon Overview and Level Annotations

Branches:
Dungeon (11/15)            Temple (1/1) D:6            Lair (0/6) D:11
    Orc (0/2) D:9

Altars:
Ashenzari
Cheibriados
Dithmenos
Elyvilon
Fedhas
Gozag
Hepliaklqana
Kikubaaqudgha
Makhleb
Nemelex Xobeh
Okawaru
Qazlal
Ru
Sif Muna
Trog
Uskayaw
Xom
Yredelemnul
Zin
The Shining One

Annotations:
D:9 exclusion: obsidian statue, Gastronok
D:11 1 runed door


Innate Abilities, Weirdness & Mutations

You reflexively headbutt those who attack you in melee.
You have a pair of horns on your head.


Message History

You block the 15-headed hydra's attack. The 15-headed hydra bites you.
* * * LOW HITPOINT WARNING * * *
The 15-headed hydra bites you but does no damage.
There is an open door, spattered with blood here.
You see here a large rock.
A demon appears!
It doesn't seem very happy.
The 15-headed hydra bites you but does no damage. x3
You block the 15-headed hydra's attack. x3
The 15-headed hydra bites you but does no damage. x5
The 15-headed hydra completely misses you.
The 15-headed hydra bites you but does no damage.
You block the 15-headed hydra's attack. x2
The neqoxec hits you.
* * * LOW HITPOINT WARNING * * *
You see here a large rock.
The 15-headed hydra bites you!
* * * LOW HITPOINT WARNING * * *
The 15-headed hydra bites you.
You die...

###########################
.............................
..................#..........
...##.............#..........
..................#..........
..................#..........
..................#..........
........(.............######
######'##..@(3.......#....#
#.......####D(#......'....#
#..........##'##########..#
#..........#...#...#...#..#
#..........#...'...#...#..# .
#+########.#...#...#...#..#
...##....>..##.##'###'###'##..#
................#...#(..#...#..#
.[..............#.).#...#...#..#


You could see a 15-headed hydra and a neqoxec.

Vanquished Creatures
  2 tengu warriors (D:11)
  3 two-headed ogres
  An unseen horror (D:11)
  A deep elf mage (D:11)
  The ghost of smiqu the Grasshopper, a novice GnWn (D:5)
  2 cyclopes (D:11)
  A black mamba (shapeshifter) (D:11)
  A centaur skeleton (D:11)
  The ghost of Gunterle the Carver, a novice OpFi (D:4)
  A freezing wraith (D:11)
  2 tengu conjurers (D:10)
  A troll (D:10)
  A hippogriff (D:11)
  A redback (shapeshifter) (D:11)
  10 yaks (D:11)
  A wraith (D:10)
  A hungry ghost (D:8)
  A water moccasin (D:11)
  3 orc warriors
  2 sky beasts (D:5)
  3 ice beasts
  2 black bears
  3 ogres
  A phantom (D:10)
  8 centaurs
  The ghost of koczy the Conjurer, an amateur DrCj (D:3)
  Blork the orc (D:3)
  A big kobold (D:9)
  7 bullfrogs
  3 wyvern zombies
  4 scorpions
  12 killer bees (D:10)
  10 wights
  A howler monkey (D:4)
  2 crimson imps
  A centaur zombie (D:9)
  3 bullfrog zombies
  A quasit (D:6)
  4 hounds
  2 jellies (D:9)
  16 orc wizards
  6 orc priests
  2 bullfrog skeletons
  2 iguanas
  8 worker ants
  A killer bee zombie (D:7)
  A hound zombie (D:11)
  A hound skeleton (D:10)
  4 gnolls (D:4)
  A howler monkey skeleton (D:9)
  12 adders
  3 shadow imps (D:6)
  An ooze (D:3)
  2 adder skeletons
  4 worms
  A dart slug (D:2)
  6 leopard geckos
  38 orcs
  13 bats
  8 giant cockroaches
  6 goblins
  6 hobgoblins
  12 jackals
  8 quokkas
  2 ball pythons
  2 frilled lizards
  A jackal skeleton (D:8)
  24 kobolds
  A leopard gecko skeleton (D:7)
  5 rats
  A bush (D:6)
  A plant (D:6)
306 creatures vanquished.

Notes
Turn   | Place    | Note
-------+----------+-------------------------------------------
     0 | D:1      | Loge the Minotaur Fighter began the quest for the Orb.
     0 | D:1      | Reached XP level 1. HP: 19/19 MP: 0/0
   226 | D:1      | Reached XP level 2. HP: 25/27 MP: 1/1
   498 | D:1      | Reached skill level 3 in Axes
   753 | D:2      | Reached XP level 3. HP: 30/33 MP: 2/2
   774 | D:2      | Found a faded altar of an unknown god.
  1037 | D:2      | Reached XP level 4. HP: 35/40 MP: 3/3
  1315 | D:2      | Reached skill level 4 in Axes
  1499 | D:3      | Reached XP level 5. HP: 43/47 MP: 4/4
  1634 | D:3      | Noticed koczy's ghost (amateur DrCj)
  1798 | D:3      | Killed koczy's ghost
  1798 | D:3      | Reached skill level 5 in Axes
  1798 | D:3      | Reached XP level 6. HP: 35/55 MP: 5/5
  2161 | D:3      | Found a basalt altar of Yredelemnul.
  2368 | D:3      | Reached skill level 5 in Fighting
  2405 | D:3      | Found a basalt altar of Yredelemnul.
  2419 | D:3      | Found a glowing golden altar of the Shining One.
  2421 | D:3      | Noticed an angel
  2508 | D:3      | Reached skill level 5 in Armour
  2628 | D:3      | Reached skill level 5 in Shields
  2767 | D:4      | Reached skill level 6 in Axes
  2804 | D:4      | Got a transparent hand axe
  2864 | D:4      | Reached XP level 7. HP: 61/61 MP: 6/6
  2878 | D:4      | Noticed Blork the orc
  2919 | D:3      | Found a glowing golden altar of the Shining One.
  2924 | D:3      | Found a basalt altar of Yredelemnul.
  2953 | D:3      | Killed Blork the orc
  3231 | D:4      | Identified the +9 hand axe "Luuny" {chop, *Slow rN+ Int+2} (You found it on level 4 of the Dungeon)
  3558 | D:4      | Noticed Gunterle's ghost (novice OpFi)
  3571 | D:4      | Killed Gunterle's ghost
  3571 | D:4      | Reached skill level 7 in Axes
  3790 | D:4      | Reached XP level 8. HP: 69/70 MP: 7/7
  3960 | D:5      | Entered Level 5 of the Dungeon
  4091 | D:5      | Noticed smiqu's ghost (novice GnWn)
  4103 | D:5      | Killed smiqu's ghost
  4103 | D:5      | Reached skill level 8 in Axes
  4352 | D:5      | Reached skill level 9 in Axes
  4570 | D:5      | Found a blossoming altar of Fedhas.
  4570 | D:5      | Found a deep blue altar of Sif Muna.
  4678 | D:5      | Reached XP level 9. HP: 72/79 MP: 8/8
  4714 | D:6      | Found a staircase to the Ecumenical Temple.
  4720 | Temple   | Entered the Ecumenical Temple
  4867 | Temple   | Became a worshipper of Makhleb the Destroyer
  5015 | D:6      | Found a glowing silver altar of Zin.
  5015 | D:6      | Found a hide-covered altar of Uskayaw.
  5153 | D:6      | Found a shadowy altar of Dithmenos.
  5441 | D:7      | Got a jewelled shield
  5447 | D:7      | Reached * piety under Makhleb
  5447 | D:7      | Reached skill level 10 in Axes
  5452 | D:7      | Identified the +1 shield of the Morning Star {*Drain rC+ Int+8 Dex+2} (You found it on level 7 of the Dungeon)
  6000 | D:8      | Noticed a two-headed ogre
  6010 | D:8      | Killed a two-headed ogre
  6010 | D:8      | Reached skill level 11 in Axes
  6280 | D:8      | Found an opulent altar of Gozag.
  6281 | D:8      | Found a sparkling altar of Nemelex Xobeh.
  6734 | D:9      | Reached XP level 10. HP: 90/90 MP: 9/9
  6789 | D:9      | Noticed a two-headed ogre
  6798 | D:9      | Killed a two-headed ogre
  6998 | D:9      | Noticed Gastronok
  7348 | D:9      | Noticed a two-headed ogre
  7357 | D:9      | Killed a two-headed ogre
  7360 | D:9      | Reached ** piety under Makhleb
  7407 | D:9      | Noticed an obsidian statue
  7497 | D:9      | Reached skill level 12 in Axes
  7612 | D:9      | Found a staircase to the Orcish Mines.
  7892 | D:10     | Entered Level 10 of the Dungeon
  8106 | D:10     | Reached *** piety under Makhleb
  8136 | D:10     | Reached XP level 11. HP: 96/99 MP: 10/10
  8444 | D:11     | Found a staircase to the Lair.
  8486 | D:11     | Reached skill level 10 in Fighting
  8562 | D:11     | Killed an unseen horror
  8562 | D:11     | Reached skill level 13 in Axes
  8562 | D:11     | Reached skill level 10 in Armour
  8562 | D:11     | Reached skill level 10 in Shields
  8573 | D:11     | Noticed a deep elf mage
  8573 | D:11     | Noticed a sea snake
  8573 | D:11     | a merfolk changed into a sea snake
  8574 | D:11     | Noticed a death drake
  8574 | D:11     | a sea snake changed into a death drake
  8575 | D:11     | a death drake changed into a redback
  8596 | D:11     | Killed a deep elf mage
  9150 | D:11     | Reached **** piety under Makhleb
  9196 | D:11     | Noticed a tengu warrior
  9210 | D:11     | Noticed a tengu warrior
  9210 | D:11     | Killed a tengu warrior
  9229 | D:11     | Killed a tengu warrior
  9229 | D:11     | Reached skill level 14 in Axes
  9270 | D:11     | Found a runed door.
  9274 | D:11     | Noticed a sixfirhy
  9385 | D:11     | Noticed a four-headed hydra
  9423 | D:11     | HP: 2/102 [15-headed hydra (7)]
  9423 | D:11     | Slain by a 15-headed hydra

Skill      XL: |  1  2  3  4  5  6  7  8  9 10 11 |
---------------+----------------------------------+-----
Axes           | 3 4 5 6 7 9 11 12 14 | 14.3
Fighting       | 4 5 6 7 8 9 11 | 11.0
Armour         | 4 5 6 7 8 9 10 | 10.9
Shields        | 4 5 6 7 8 9 10 | 10.9

Action                   |  1- 3 |  4- 6 |  7- 9 | 10-12 || total
-------------------------+-------+-------+-------+-------++-------
Melee: War axe           |   114 |   137 |   231 |   325 ||   807
       Headbutt          |    11 |    21 |    42 |    65 ||   139
Invok: Lesser Servant of |       |       |       |     1 ||     1
  Use: Scroll            |       |       |    14 |       ||    14
  Eat: Chunk             |     1 |     6 |    11 |     9 ||    27
       Ration            |       |       |     1 |       ||     1
Armor: Scale mail        |    55 |       |       |       ||    55
       Plate armour      |    27 |    78 |   115 |   192 ||   412
       Skin              |       |       |     1 |     6 ||     7
Dodge: Dodged            |    44 |    26 |    42 |    71 ||   183
Block: Shield            |    90 |    68 |   100 |   217 ||   475
